 Dungeon Crawl Stone Soup version 0.20.0-8-g6b59dc7 (webtiles) character file.

385 Hasart the Poker (level 6, -2/64 HPs)
             Began as an Octopode Fighter on May 30, 2017.
             Slain by an orc wizard
             ... wielding a +0 dagger
              (5 damage)
             ... on level 4 of the Dungeon.
             The game lasted 00:07:06 (3248 turns).

Hasart the Poker (Octopode Fighter)                 Turns: 3248, Time: 00:07:07

Health: -2/64      AC:  1    Str: 21    XL:     6   Next: 77%
Magic:  7/8        EV: 13    Int: 11    God:
Gold:   156        SH: 11    Dex: 15    Spells: 5/5 levels left

rFire    . . .     SeeInvis .   a - +1 trident
rCold    + . .     Gourm    .   b - +1 shield
rNeg     . . .     Faith    .   (helmet restricted)
rPois    .         Spirit   .   (no amulet)
rElec    .         Reflect  .   l - +3 ring of dexterity
rCorr    .         Harm     .   o - ring of stealth
MR       .....                  v - ring of protection from cold
Stlth    ..........             (no ring)
Regen    0.2/turn               (no ring)
MPRegen  0.2/turn               (no ring)
                                (no ring)
                                (no ring)

@: berserking, very quick
A: almost no armour, stealthy swim, amphibious, 8 rings, constrict 8, camouflage
1, gelatinous body 1
a: no special abilities


You were on level 4 of the Dungeon.
You were not hungry.

You visited 1 branch of the dungeon, and saw 4 of its levels.

You collected 156 gold pieces.

Inventory:

Hand Weapons
 a - a +1 trident (weapon)
Armour
 b - a +1 shield (worn)
Jewellery
 l - a +3 ring of dexterity (left tentacle)
 o - a ring of stealth (right tentacle)
 v - a ring of protection from cold (on tentacle)
Wands
 k - a wand of paralysis (8/24)
Scrolls
 g - 2 scrolls of identify
 i - a scroll of fog
 j - a scroll of blinking
 n - a scroll of enchant armour
Potions
 c - a potion of might
 e - a potion of berserk rage
 f - a potion of brilliance {unknown}
 h - a potion of resistance {unknown}
 m - a potion of magic {unknown}
 s - a potion of haste
 u - a potion of agility {unknown}
 x - a potion of mutation {unknown}
 z - a potion of curing {unknown}
Comestibles
 d - 3 bread rations
 p - a meat ration
 q - a royal jelly


   Skills:
 + Level 4.2 Fighting
 * Level 4.6 Polearms
 + Level 3.8 Dodging
 + Level 3.6 Shields
 * Level 2.9 Evocations


You had 5 spell levels left.
You didn't know any spells.

Dungeon Overview and Level Annotations

Branches:
Dungeon (4/15)
 Temple: D:4-7

Altars:
Elyvilon
Fedhas
Nemelex Xobeh
Zin

Annotations:
D:4 Mlkhall's ghost, amateur DrVM


Innate Abilities, Weirdness & Mutations

You cannot wear most types of armour.
You are very stealthy in the water. (Stealth+)
You are amphibious.
You can wear up to eight rings at the same time.
You can use your tentacles to constrict eight enemies at once.
Your skin changes colour to match your surroundings (Stealth+).
Your rubbery body absorbs attacks. (AC +1, EV +1)


Message History

A puff of flame appears from out of thin air!
The puff of flame hits you!
* * * LOW HITPOINT WARNING * * *
You are too injured to fight recklessly!
You are too injured to fight recklessly!
Unknown command.
You are too injured to fight recklessly!
You hit something. You squeeze something.
You hear some strange, mumbled words.
A puff of flame appears from out of thin air!
The puff of flame hits you!
* * * LOW HITPOINT WARNING * * *
Unknown command.
It was a potion of berserk rage.
A red film seems to cover your vision as you go berserk!
You feel yourself moving faster!
You feel mighty! Something hits you.
* * * LOW HITPOINT WARNING * * *
Unknown command.
You barely miss something. Your squeeze misses something. Something hits you.
You die...

#.......'.....(..#######
#.......##########
#........#....#
######+#.#.##.##########
#........#.##........
#........#...........
#........####........
#....[...# #........
#..(@....# #........
#..{).#### #........
.>........# #.......^
..........# #.....<..
............. #........
....?......... #........
...............#
#........
#######........#
######### #.(.......


There were no monsters in sight!

Vanquished Creatures
  An ogre (D:3)
  A water moccasin skeleton (D:4)
  A hound (D:4)
  3 orc wizards
  An orc priest (D:4)
  2 adders (D:3)
  An ooze (D:2)
  3 worms
  3 dart slugs
  9 orcs
  3 bats
  6 giant cockroaches
  9 goblins
  6 hobgoblins
  3 jackals (D:2)
  3 kobolds
  A quokka (D:2)
  6 frilled lizards
  5 rats
67 creatures vanquished.

Notes
Turn   | Place    | Note
-------+----------+-------------------------------------------
     0 | D:1      | Hasart the Octopode Fighter began the quest for the Orb.
     0 | D:1      | Reached XP level 1. HP: 16/16 MP: 1/1
    89 | D:1      | Reached XP level 2. HP: 21/21 MP: 2/2
   524 | D:2      | Found a sparkling altar of Nemelex Xobeh.
   683 | D:2      | Reached XP level 3. HP: 19/26 MP: 3/3
   783 | D:2      | Found a glowing silver altar of Zin.
  1358 | D:2      | Reached XP level 4. HP: 32/32 MP: 4/4
  1689 | D:3      | Found a white marble altar of Elyvilon.
  1881 | D:3      | Found a blossoming altar of Fedhas.
  1886 | D:3      | Reached skill level 1 in Evocations
  2567 | D:4      | Reached XP level 5. HP: 37/37 MP: 4/6
  2662 | D:4      | Noticed an ogre
  2671 | D:3      | Killed an ogre
  2833 | D:4      | Noticed Mlkhall's ghost (amateur DrVM)
  2839 | D:4      | Reached XP level 6. HP: 30/43 MP: 7/7
  3247 | D:4      | HP: 3/64 [something (3)]
  3248 | D:4      | Slain by an orc wizard

Skill      XL: |  1  2  3  4  5 |
---------------+----------------+-----
Polearms       | 3 4 |  4.6
Evocations     | 1 2 |  2.9
Fighting       | 4 |  4.2
Dodging        | |  3.8
Shields        | |  3.6

Action                   |  1- 3 |  4- 6 || total
-------------------------+-------+-------++-------
Melee: Trident           |    73 |    78 ||   151
       Constrict         |    22 |    22 ||    44
       Tentacles         |    11 |    19 ||    30
Evoke: Wand              |       |     2 ||     2
  Use: Scroll            |       |     6 ||     6
       Potion            |       |     1 ||     1
 Stab: Sleeping          |     9 |     5 ||    14
  Eat: Chunk             |     1 |     6 ||     7
Armor: Skin              |     6 |     3 ||     9
Dodge: Dodged            |    29 |    39 ||    68
Block: Shield            |    20 |    27 ||    47
